Map: Bel'Shir Vestige LE (Void)

Players

TurnX - Winner!

  • Race: Protoss Protoss
  • League: Diamond
  • Spawn Location: 5:00

Skorpio

  • Race: Zerg Zerg
  • League: Diamond
  • Spawn Location: 11:00

VOD

https://www.youtube.com/watch?v=1pOKGu-XbQk

Description

All in Zealot + changer, 2 imotal

Time

  • Played on: Feb. 4, 2017, 11:14 p.m.
  • Length: 6:39
Show
View Real Time Build Order
Export as new Build Order

TurnX Protoss - Winner!

Build Orders: 1 Gate Expand 

Get SALT Encoding   

  12  0:01  Probe (Chrono Boost)  
  13  0:11  Probe (Chrono Boost)  
  14  0:19  Pylon  
  14  0:22  Probe (Chrono Boost)  
  15  0:37  Probe (Chrono Boost)  
  15  0:38  Gateway  
  16  0:43  Assimilator  
  16  0:48  Probe (Chrono Boost)  
  17  0:58  Probe (Chrono Boost)  
  18  1:13  Probe (Chrono Boost)  
  19  1:30  Nexus  
  19  1:38  Cybernetics Core  
  19  1:39  Probe (Chrono Boost)  
  20  1:47  Assimilator  
  20  1:50  Probe (Chrono Boost)  
  21  1:57  Pylon  
  21  2:00  Probe (Chrono Boost)  
  22  2:11  Probe (Chrono Boost)  
  22  2:15  Warp Gate  
  23  2:16  Adept  
  23  2:21  Probe (Chrono Boost)  
  26  2:33  Robotics Facility  
  26  2:37  Probe (Chrono Boost)  
  27  2:42  Probe (Chrono Boost)  
  28  2:47  Probe (Chrono Boost)  
  29  2:53  Mothership Core (Chrono Boost)  
  29  2:58  Probe (Chrono Boost)  
  32  3:08  Probe (Chrono Boost), Gateway  
  32  3:11  Probe (Chrono Boost)  
  32  3:12  Twilight Council  
  34  3:26  Immortal  
  34  3:28  Probe (Chrono Boost)  
  34  3:29  Probe (Chrono Boost)  
  40  3:38  Zealot  
  40  3:39  Probe (Chrono Boost)  
  40  3:41  Probe (Chrono Boost)  
  44  3:49  Probe (Chrono Boost), Charge  
  44  3:50  Gateway  
  44  3:53  Pylon  
  45  4:00  Probe (Chrono Boost)  
  46  4:13  Probe (Chrono Boost)  
  46  4:17  Probe (Chrono Boost)  
  48  4:18  Immortal  
  53  4:26  Probe (Chrono Boost)  
  53  4:34  Gateway  
  53  4:36  Probe (Chrono Boost)  
  53  4:38  Gateway  
  54  4:41  Pylon  
  54  4:48  Gateway  
  54  4:49  Pylon  
  54  4:50  Gateway  
  54  4:54  Pylon  
  54  4:57  Pylon  
  54  4:59  Probe (Chrono Boost), Warp Prism  
  56  5:01  Probe (Chrono Boost)  
  58  5:09  Zealot, Pylon  
  58  5:12  Zealot  
  62  5:17  Gateway  
  60  5:21  Zealot  
  62  5:31  Pylon  
  62  5:36  Zealot, Pylon  
  62  5:37  Zealot x2  
  62  5:40  Zealot  
  70  5:47  Zealot x3  
  76  5:55  Pylon  
  76  5:56  Observer  
  76  6:00  Zealot  
  79  6:09  Zealot x2  
  79  6:10  Zealot x3  
  87  6:35  Stalker x3  
  87  6:36  Zealot, Stalker x3  
Show
View Real Time Build Order
Export as new Build Order

Skorpio Zerg 

Build Orders: Pool First 

Get SALT Encoding   

  12  0:01  Drone  
  13  0:13  Overlord  
  13  0:18  Drone  
  14  0:33  Drone x2  
  16  0:36  Drone  
  17  0:46  Drone  
  18  0:56  Spawning Pool  
  17  1:02  Extractor, Drone  
  17  1:08  Drone  
  18  1:37  Drone  
  18  1:38  Drone  
  20  1:44  Queen  
  20  1:46  Hatchery  
  21  2:06  Drone  
  22  2:12  Overlord  
  22  2:14  Hatchery  
  21  2:28  Zergling x2  
  21  2:29  Queen  
  22  2:32  Zergling x2  
  22  2:33  Drone  
  26  2:40  Drone  
  27  2:46  Metabolic Boost  
  27  2:53  Drone  
  28  3:00  Drone  
  28  3:01  Queen  
  28  3:04  Drone  
  32  3:10  Overlord  
  31  3:26  Spine Crawler  
  29  3:29  Drone x4  
  34  3:34  Lair  
  34  3:36  Drone  
  34  3:40  Drone x2  
  36  3:50  Queen  
  37  3:58  Roach Warren  
  37  4:00  Extractor, Drone  
  37  4:02  Drone  
  37  4:12  Drone x5  
  42  4:18  Drone  
  42  4:20  Evolution Chamber  
  42  4:32  Drone x6  
  42  4:37  Glial Reconstitution  
  48  4:40  Extractor  
  47  4:47  Drone  
  47  4:48  Drone  
  49  4:57  Spore Crawler  
  49  4:58  Drone  
  49  4:59  Overlord x4  
  49  5:02  Spore Crawler  
  48  5:10  Roach, Overlord  
  48  5:11  Overlord  
  50  5:17  Overlord x2  
  50  5:19  Drone  
  51  5:28  Queen  
  51  5:32  Overseer  
  51  5:34  Roach x2  
  57  5:42  Drone x5  
  62  5:50  Zergling x8  
  62  5:55  Ravager x3  
Tags
 
Add a new tag
Caveats
  • Supply blocks, unpowered buildings, or Contaminate may cause inaccurate times.
  • Supply counts are checked every 10 seconds.